 Dungeon Crawl Stone Soup version 0.23.0-3-gf3c87f2df8 (webtiles) character file.

Game seed: 17981871524691094086

700 DeathShi the Chopper (level 7, -1/61 HPs)
             Began as a Minotaur Berserker on Feb 22, 2019.
             Was a Priest of Trog.
             Slain by a gnoll (4 damage)
             ... while paralysed by Grinder
             ... on level 5 of the Dungeon.
             The game lasted 00:43:58 (4335 turns).

DeathShi the Chopper (Minotaur Berserker)           Turns: 4335, Time: 00:43:58

Health: -1/61      AC:  3    Str: 22    XL:     7   Next: 38%
Magic:  6/6        EV:  2    Int:  4    God:    Trog [***...]
Gold:   112        SH:  0    Dex: 11    Spells: 6/6 levels left

rFire    . . .     SeeInvis .   a - +0 hand axe
rCold    . . .     Gourm    .   (no shield)
rNeg     . . .     Faith    .   l - +0 leather armour
rPois    .         Spirit   .   (helmet restricted)
rElec    .         Reflect  .   (no cloak)
rCorr    .         Harm     .   (no gloves)
MR       .....                  (no boots)
Stlth    +.........             (no amulet)
HPRegen  0.20/turn              (no ring)
MPRegen  0.10/turn              (no ring)

@: paralysed
A: retaliatory headbutt, horns 2
a: Berserk, Trog's Hand, Renounce Religion


You were on level 5 of the Dungeon.
You worshipped Trog.
Trog was most pleased with you.
You were hungry.

You visited 1 branch of the dungeon, and saw 5 of its levels.
You also visited: Sewer.

You collected 112 gold pieces.

Inventory:

Hand Weapons
 a - a +0 hand axe (weapon)
 c - a +0 long sword
 d - a +0 short sword
 e - a +0 whip
 g - a +1 vampiric dagger
 u - a +0 antimagic rapier
 D - a +0 mace
Missiles
 m - 99 stones (quivered)
 o - 35 sling bullets
Armour
 b - a +0 animal skin
 k - a +0 cloak
 l - a +0 leather armour (worn)
 z - a +0 leather armour
Wands
 A - a wand of disintegration (19)
Scrolls
 f - 3 scrolls of teleportation
 h - a scroll of fear {unknown}
 j - a scroll of amnesia {unknown}
 n - a scroll of noise {unknown}
 p - a scroll of remove curse {unknown}
 r - 2 scrolls of enchant armour {unknown}
 t - 2 scrolls of magic mapping
 w - a scroll of random uselessness {unknown}
 x - a scroll of fog {unknown}
 y - a scroll of immolation {unknown}
 B - 3 scrolls of identify
Potions
 i - 4 potions of might
 q - 2 potions of flight {unknown}
 C - 3 potions of heal wounds {unknown}
Comestibles
 v - 3 rations


   Skills:
 + Level 5.6 Fighting
 * Level 7.2 Axes
 + Level 5.0 Armour
 + Level 4.4 Dodging


You had 6 spell levels left.
You didn't know any spells.
Your spell library was empty.

Dungeon Overview and Level Annotations

Branches:
Dungeon (5/15)
 Temple: D:4-7

Altars:
Dithmenos
Xom

Annotations:
D:5 Grinder


Innate Abilities, Weirdness & Mutations

You reflexively headbutt those who attack you in melee.
You have a pair of horns on your head.


Message History

You hit the gnoll.
Grinder blinks!
The gnoll barely misses you.
You completely miss the gnoll.
The gnoll is moderately wounded.
You hit the gnoll.
The gnoll hits you but does no damage. x2
Grinder gestures at you.
You suddenly lose the ability to move!
You are feeling hungry.
The gnoll hits you from afar with a cursed -2 halberd.
The gnoll hits you. The gnoll barely misses you. Grinder gestures at you.
Pain shoots through your body! The gnoll hits you.
The gnoll hits you but does no damage.
The gnoll hits you from afar with a cursed -2 halberd!
* * * LOW HITPOINT WARNING * * *
The worker ant zombie bites you.
* * * LOW HITPOINT WARNING * * *
The gnoll hits you.
* * * LOW HITPOINT WARNING * * *
The gnoll hits you.
You die...

.................
#...............#
#................
#..............5.
#....>..........
#...g.........#.
..##...gg..5.......
.......@Z.(<..#
..#############


You could see Grinder, 3 gnolls and a worker ant zombie.

Vanquished Creatures
  Eustachio (D:4)
  A centaur (D:4)
  A phantom (D:4)
  A big kobold (Sewer)
  A hound (D:4)
  An iguana (D:4)
  4 worker ants
  4 adders
  A gnoll (D:5)
  4 river rats
  2 oozes (D:4)
  An adder skeleton (D:4)
  2 worms
  2 dart slugs
  A leopard gecko (D:1)
  7 orcs (D:4)
  10 bats
  5 giant cockroaches
  4 goblins
  5 hobgoblins
  9 jackals
  2 ball pythons
  7 frilled lizards
  6 kobolds
  9 rats
  2 bushes (D:3)
  A plant (D:3)
94 creatures vanquished.

Notes
Turn   | Place    | Note
-------+----------+-------------------------------------------
     0 | D:1      | DeathShi the Minotaur Berserker began the quest for the
                  | Orb.
     0 | D:1      | Reached XP level 1. HP: 19/19 MP: 0/0
    85 | D:1      | Reached XP level 2. HP: 27/27 MP: 1/1
    89 | D:1      | Reached skill level 4 in Axes
   800 | D:2      | Found a shadowy altar of Dithmenos.
   803 | D:2      | Found a shimmering altar of Xom.
   811 | D:2      | Reached XP level 3. HP: 33/33 MP: 2/2
  1177 | D:2      | Reached ** piety under Trog
  1406 | D:3      | Reached XP level 4. HP: 12/40 MP: 3/3
  2441 | D:4      | Reached skill level 5 in Axes
  2542 | D:4      | Found a glowing drain.
  2545 | D:4      | Reached XP level 5. HP: 39/47 MP: 4/4
  2555 | Sewer    | Entered a sewer
  2570 | Sewer    | HP: 1/47 [river rat (3)]
  2960 | Sewer    | Found a glowing silver altar of Zin.
  3320 | D:4      | Reached XP level 6. HP: 50/55 MP: 5/5
  3321 | D:4      | Reached skill level 6 in Axes
  3532 | D:4      | Reached *** piety under Trog
  3544 | D:4      | Reached skill level 5 in Fighting
  3635 | D:4      | Noticed Eustachio
  3650 | D:4      | Killed Eustachio
  3650 | D:4      | Reached XP level 7. HP: 37/61 MP: 6/6
  3922 | D:4      | Reached skill level 7 in Axes
  3956 | D:4      | Reached skill level 5 in Armour
  4323 | D:5      | Entered Level 5 of the Dungeon
  4323 | D:5      | Noticed Grinder
  4332 | D:5      | Paralysed by Grinder for 6 turns
  4335 | D:5      | HP: 3/61 [gnoll (3)]
  4335 | D:5      | Slain by a gnoll

Skill      XL: |  1  2  3  4  5  6  7 |
---------------+----------------------+-----
Axes           | 4 5 6 7 |  7.2
Fighting       | 4 5 |  5.6
Armour         | 3 4 5 |  5.0
Dodging        | 3 4 |  4.4

Action                   |  1- 3 |  4- 6 |  7- 9 || total
-------------------------+-------+-------+-------++-------
Melee: Hand axe          |   135 |    21 |    28 ||   184
       Headbutt          |    44 |    24 |     6 ||    74
       Long sword        |     5 |    96 |       ||   101
Invok: Berserk           |     2 |     3 |       ||     5
       Trog's Hand       |       |     1 |       ||     1
  Use: Scroll            |       |     4 |       ||     4
       Potion            |       |     7 |       ||     7
 Stab: Invisible         |       |     1 |       ||     1
  Eat: Ration            |     1 |     3 |       ||     4
       Chunk             |       |       |     2 ||     2
Armor: Animal skin       |    15 |       |       ||    15
       Leather armour    |     4 |    22 |     3 ||    29
Dodge: Dodged            |    48 |    92 |    20 ||   160
       Rpst.: Long sword |     1 |    18 |       ||    19
